 Dungeon Crawl Stone Soup version 0.20.1-1-g8b1a95d (webtiles) character file.

13313 dvd the Thaumaturge (level 11, -4/51 HPs)
             Began as a Deep Elf Fire Elementalist on Aug 28, 2017.
             Was an Elder of Vehumet.
             Slain by a white ugly thing (25 damage)
             ... on level 11 of the Dungeon.
             The game lasted 00:47:40 (12928 turns).

dvd the Thaumaturge (Deep Elf Fire Elementalist)   Turns: 12928, Time: 00:47:48

Health: -4/51      AC:  9    Str:  9    XL:     11   Next: 73%
Magic:  2/31       EV: 14    Int: 22    God:    Vehumet [****..]
Gold:   620        SH:  4    Dex: 15    Spells: 16/38 levels left

rFire    . . .     SeeInvis +   a - +3 dagger (venom)
rCold    . . .     Gourm    .   (no shield)
rNeg     . . .     Faith    .   C - +0 troll leather armour
rPois    .         Spirit   .   u - +2 hat
rElec    .         Reflect  .   (no cloak)
rCorr    .         Harm     .   j - +1 pair of gloves
MR       +....                  f - +2 pair of boots {Stlth+}
Stlth    +++++.....             H - amulet of magic regeneration
Regen    0.6/turn               F - ring of Equivalence {+Blink +Inv Str+4 Dex-2 Stlth+}
MPRegen  0.4/turn               B - ring of see invisible

@: no status effects
A: beak, hooves 1, horns 1, large bone plates 1, thin skeletal structure 1,
blink, deformed body, deterioration 1, dopey 1, frail 1
a: Blink, Renounce Religion, Evoke Blink, Evoke Invisibility


You were on level 11 of the Dungeon.
You worshipped Vehumet.
Vehumet was greatly pleased with you.
You were not hungry.

You visited 2 branches of the dungeon, and saw 12 of its levels.

You collected 653 gold pieces.
You spent 33 gold pieces at shops.

Inventory:

Hand Weapons
 a - a +3 dagger of venom (weapon)
 A - a +4 short sword
 M - a +3 long sword of freezing
Armour
 f - a +2 pair of boots of stealth (worn)
 j - a +1 pair of gloves (worn)
 p - a +0 robe
 u - a +2 hat (worn)
 C - a +0 troll leather armour (worn)
Jewellery
 n - a +3 ring of slaying
 x - a +5 ring of dexterity
 B - a ring of see invisible (right hand)
 F - the ring of Equivalence (left hand) {+Blink +Inv Str+4 Dex-2 Stlth+}
   (You found it on level 5 of the Dungeon)

   [ring of stealth]

   It affects your strength (+4).
   It affects your dexterity (-2).
   It lets you turn invisible.
   It lets you blink.
   It makes you more stealthy.
 H - an amulet of magic regeneration (around neck)
 I - a +2 ring of dexterity
Wands
 s - a wand of confusion (32/48)
 y - a wand of polymorph (10/24)
 D - a wand of disintegration (13/24)
 E - a wand of acid (7/15)
 J - a wand of flame (15/48)
Scrolls
 e - 8 scrolls of remove curse
 g - 9 scrolls of identify
 o - a scroll of amnesia
 q - 2 scrolls of recharging
 L - a scroll of fear
Potions
 d - 4 potions of curing
 h - a potion of brilliance
 i - a potion of invisibility
 m - a potion of ambrosia
 r - 3 potions of heal wounds
 v - 2 potions of agility
 z - 2 potions of haste
 K - a potion of might
Books
 b - a book of Flames

   Spells                             Type                      Level
   a - Flame Tongue                   Conjuration/Fire             1
   b - Throw Flame                    Conjuration/Fire             2
   c - Conjure Flame                  Conjuration/Fire             3
   d - Inner Flame                    Hexes/Fire                   3
   e - Sticky Flame                   Conjuration/Fire             4
   f - Fireball                       Conjuration/Fire             5
 t - a book of Maledictions

   Spells                             Type                      Level
   a - Corona                         Hexes                        1
   b - Ensorcelled Hibernation        Hexes/Ice                    2
   c - Confuse                        Hexes                        3
   d - Tukima's Dance                 Hexes                        3
   e - Dazzling Spray                 Conjuration/Hexes            3
Comestibles
 c - 13 bread rations
 k - 16 fruits
 l - 4 meat rations
 w - a royal jelly
 G - 7 chunks of flesh


   Skills:
 + Level 2.0 Fighting
 + Level 2.3 Short Blades
 + Level 1.2 Armour
 + Level 4.8 Dodging
 + Level 5.4 Stealth
 + Level 14.3 Spellcasting
 + Level 10.0 Conjurations
 + Level 5.0 Hexes
 + Level 10.8 Fire Magic
 + Level 0.9 Ice Magic
 + Level 1.3 Evocations


You had 16 spell levels left.
You knew the following spells:

 Your Spells              Type           Power        Failure   Level  Hunger
a - Flame Tongue          Conj/Fire      #####        1%          1    None
b - Throw Flame           Conj/Fire      ######       1%          2    None
c - Sticky Flame          Conj/Fire      ######..     1%          4    None
d - Confuse               Hex            #####...     1%          3    None
e - Fireball              Conj/Fire      ######....   1%          5    ###....
f - Magic Dart            Conj           ####         1%          1    None
g - Throw Frost           Conj/Ice       #####.       1%          2    None
h - Throw Icicle          Conj/Ice       #####...     1%          4    None


Dungeon Overview and Level Annotations

Branches:
Dungeon (11/15)            Temple (1/1) D:4
   Lair: D:8-11         Orc: D:9-12

Altars:
Ashenzari
Cheibriados
Dithmenos
Elyvilon
Fedhas
Gozag
Hepliaklqana
Kikubaaqudgha
Makhleb
Nemelex Xobeh
Okawaru
Qazlal
Ru
Sif Muna
Trog
Uskayaw
Vehumet
Xom
Yredelemnul
Zin
The Shining One

Shops:
D:4 *   D:6 ?   D:7 :


Innate Abilities, Weirdness & Mutations

You have a beak for a mouth.
You have large cloven feet.
You have a pair of small horns on your head.
You are partially covered in large bone plates. (SH +4)
You have a somewhat thin skeletal structure. (Dex +2, Stealth)
You can translocate small distances at will.
Armour fits poorly on your strangely shaped body.
Your body sometimes deteriorates upon taking damage.
You are dopey. (Int -2)
You are frail. (-10% HP)


Message History

The white ugly thing burns!
The white ugly thing burns!
You enter the shallow water.
Moving in this stuff is going to be slow.
The white ugly thing burns! x2; The white ugly thing gores you!
The white ugly thing freezes you!!
The flames covering the white ugly thing go out.
The white ugly thing stops burning.
Casting: Confuse
Confirm with . or Enter, or press ? or * to list all spells.
Aiming: Sticky Flame
Press: ? - help, Shift-Dir - straight line, f/p - white ugly thing
Aim: a white ugly thing (heavily wounded)
The sticky flame hits the white ugly thing.
The white ugly thing appears unharmed.
The white ugly thing is heavily wounded.
The white ugly thing is covered in liquid flames!
The white ugly thing burns!
The white ugly thing gores you. The white ugly thing freezes you!!
You die...

### ##.## ####...## #.......#
###.#÷....# ##≈≈.#.....#
###########≈≈≈.##...##
###...........@u.≈##.## .
.........#.≈≈≈≈≈≈≈#### ...
###.####...#≈≈≈≈≈≈#####.....
####.#...#...#≈≈≈≈.....†.......
#............##≈≈#########.#....
..#....##.......... ..H.
#...[.#..[######## ####
#.....#...# ####.....#...#


You could see a white ugly thing (burning).

Vanquished Creatures
  Gastronok (D:9)
  Harold (D:10)
  A two-headed ogre (D:9)
  The ghost of NorthaanB the Destroyer, a novice GrCj (D:7)
  Pikel (D:8)
  2 ugly things (D:11)
  2 cyclopes (D:11)
  A deep elf mage (D:10)
  The ghost of BGT the Thaumaturge, a novice SpEn (D:5)
  A komodo dragon (D:10)
  2 trolls
  A hippogriff (D:11)
  Sigmund (D:5)
  A wyvern (D:8)
  The ghost of NorthaanB the Conjurer, an amateur GrCj (D:4)
  3 yaks (D:8)
  2 hungry ghosts
  A soldier ant (D:10)
  A water moccasin (D:8)
  4 sky beasts
  5 black bears
  3 phantoms
  5 ice beasts
  5 ogres
  4 centaurs
  7 bullfrogs
  A wyvern zombie (D:8)
  A scorpion (D:4)
  4 killer bees (D:8)
  6 wights
  5 vampire bats
  A howler monkey (D:4)
  4 crimson imps
  2 bullfrog zombies
  A quasit (D:9)
  2 jellies
  8 orc priests
  3 bullfrog skeletons
  3 hounds
  Jessica (D:2)
  6 orc wizards
  Ijyb (D:5)
  Terence (D:2)
  10 worker ants
  An iguana (D:5)
  8 gnolls
  10 adders
  2 shadow imps (D:8)
  2 oozes
  4 worms
  2 dart slugs
  8 leopard geckos
  27 orcs
  2 bat skeletons (D:9)
  3 bat zombies (D:9)
  7 giant cockroaches
  4 goblins
  6 hobgoblins
  12 jackals
  4 quokkas
  A ball python (D:2)
  17 bats
  6 frilled lizards
  2 jackal skeletons
  7 kobolds
  A leopard gecko zombie (D:7)
  A quokka skeleton (D:4)
  21 rats
276 creatures vanquished.

Notes
Turn   | Place    | Note
-------+----------+-------------------------------------------
     0 | D:1      | dvd the Deep Elf Fire Elementalist began the quest for the Orb.
     0 | D:1      | Reached XP level 1. HP: 10/10 MP: 6/6
   221 | D:1      | Reached XP level 2. HP: 3/15 MP: 0/8
   328 | D:1      | Learned a level 2 spell: Throw Flame
   706 | D:1      | Reached XP level 3. HP: 19/19 MP: 4/9
  1260 | D:2      | Found an opulent altar of Gozag.
  1266 | D:2      | Reached XP level 4. HP: 23/24 MP: 4/11
  1533 | D:2      | Noticed Terence
  1540 | D:2      | Killed Terence
  1540 | D:2      | Reached skill level 4 in Spellcasting
  1541 | D:2      | Noticed Jessica
  1592 | D:2      | Killed Jessica
  1832 | D:2      | Reached XP level 5. HP: 28/28 MP: 10/13
  1838 | D:2      | Learned a level 4 spell: Sticky Flame
  1854 | D:2      | Learned a level 3 spell: Conjure Flame
  1976 | D:2      | Found a basalt altar of Yredelemnul.
  2725 | D:3      | Reached skill level 5 in Fire Magic
  3300 | D:4      | Found Houvext's General Store.
  3314 | D:3      | Reached skill level 5 in Spellcasting
  3480 | D:4      | Reached XP level 6. HP: 32/32 MP: 12/15
  3530 | D:4      | Noticed NorthaanB's ghost (amateur GrCj)
  4301 | D:4      | Found a staircase to the Ecumenical Temple.
  4321 | D:4      | HP: 1/32 [NorthaanB's ghost/orb of energy (11)]
  4323 | Temple   | Entered the Ecumenical Temple
  4923 | Temple   | Became a worshipper of Vehumet
  5206 | D:4      | Reached skill level 6 in Spellcasting
  5286 | D:5      | Entered Level 5 of the Dungeon
  5302 | D:5      | Reached XP level 7. HP: 29/36 MP: 12/18
  5425 | D:5      | Learned a level 5 spell: Fireball
  5591 | D:5      | Noticed Sigmund
  5598 | D:5      | Killed Sigmund
  5616 | D:5      | Reached skill level 7 in Spellcasting
  5824 | D:5      | Noticed Ijyb
  5834 | D:5      | Killed Ijyb
  5999 | D:5      | Reached skill level 1 in Fighting
  5999 | D:5      | Reached XP level 8. HP: 43/43 MP: 10/21
  6027 | D:5      | Got a coiled gossamer ring
  6029 | D:5      | Identified the ring of Equivalence {+Blink +Inv Str+4 Dex-2 Stlth+} (You found it on level 5 of the Dungeon)
  6178 | D:5      | Noticed BGT's ghost (novice SpEn)
  6437 | D:5      | Found a deep blue altar of Sif Muna.
  6443 | D:5      | Killed BGT's ghost
  6443 | D:5      | Reached skill level 8 in Spellcasting
  6443 | D:5      | Reached skill level 5 in Conjurations
  6837 | D:6      | Reached skill level 9 in Spellcasting
  7118 | D:6      | Reached * piety under Vehumet
  7118 | D:6      | Offered knowledge of Magic Dart by Vehumet.
  7121 | D:6      | Learned a level 1 spell: Magic Dart
  7429 | D:6      | Found Norphuem's Magic Scroll Emporium.
  7472 | D:6      | Bought a scroll of teleportation for 33 gold pieces
  7546 | D:6      | Reached XP level 9. HP: 47/47 MP: 19/24
  7728 | D:6      | Learned a level 3 spell: Confuse
  8085 | D:7      | Reached skill level 10 in Spellcasting
  8133 | D:7      | Found Nohakoz's Book Emporium.
  8246 | D:7      | Reached skill level 1 in Hexes
  8271 | D:7      | Offered knowledge of Throw Frost by Vehumet.
  8308 | D:7      | Learned a level 2 spell: Throw Frost
  8354 | D:7      | Reached ** piety under Vehumet
  8529 | D:7      | Reached skill level 1 in Short Blades
  8537 | D:7      | Gained mutation: Armour fits poorly on your strangely shaped body. [mutagenic meat]
  8538 | D:7      | Gained mutation: You are clumsy. (Dex -2) [mutagenic meat]
  8539 | D:7      | Gained mutation: You are dopey. (Int -2) [mutagenic meat]
  8540 | D:7      | Gained mutation: You can translocate small distances at will. [mutagenic meat]
  8542 | D:7      | Gained mutation: You expend magic power (3 MP) to strengthen your wands. [mutagenic meat]
  8783 | D:7      | Noticed NorthaanB's ghost (novice GrCj)
  9068 | D:8      | Noticed Pikel
  9091 | D:8      | Gained mutation: You are partially covered in large bone plates. (SH +4) [mutagenic meat]
  9092 | D:8      | Gained mutation: You have a somewhat thin skeletal structure. (Dex +2, Stealth) [mutagenic meat]
  9093 | D:8      | Gained mutation: Your natural rate of healing is unusually fast. [mutagenic meat]
  9095 | D:8      | Gained mutation: Your flesh is cold resistant. (rC+) [mutagenic meat]
  9174 | D:8      | Reached skill level 11 in Spellcasting
  9178 | D:8      | Killed Pikel
  9191 | D:8      | Reached XP level 10. HP: 43/52 MP: 5/27
  9500 | D:8      | Lost mutation: Your natural rate of healing is unusually fast. [mutagenic meat]
  9502 | D:8      | Gained mutation: You are partially covered in slimy green scales. (AC +2) [mutagenic meat]
  9598 | D:8      | Reached skill level 12 in Spellcasting
  9730 | D:8      | Found a bloodstained altar of Trog.
  9878 | D:8      | Found a bloodstained altar of Trog.
 10198 | D:4      | Killed NorthaanB's ghost
 10530 | D:7      | Killed NorthaanB's ghost
 10587 | D:9      | Offered knowledge of Mephitic Cloud by Vehumet.
 10625 | D:9      | Found an ancient bone altar of Kikubaaqudgha.
 10664 | D:9      | Found a sparkling altar of Nemelex Xobeh.
 10713 | D:9      | Noticed Gastronok
 11061 | D:9      | Reached *** piety under Vehumet
 11135 | D:9      | Identified a scroll of acquirement
 11181 | D:9      | Reached skill level 1 in Evocations
 11323 | D:9      | Lost mutation: You are partially covered in slimy green scales. (AC +2) [potion of mutation]
 11323 | D:9      | Lost mutation: You expend magic power (3 MP) to strengthen your wands. [potion of mutation]
 11323 | D:9      | Lost mutation: Your flesh is cold resistant. (rC+) [potion of mutation]
 11323 | D:9      | Lost mutation: You are dopey. (Int -2) [potion of mutation]
 11323 | D:9      | Gained mutation: You have a beak for a mouth. [potion of mutation]
 11323 | D:9      | Lost mutation: You are clumsy. (Dex -2) [potion of mutation]
 11323 | D:9      | Gained mutation: You have a pair of small horns on your head. [potion of mutation]
 11384 | D:9      | Found a glowing golden altar of the Shining One.
 11508 | D:9      | Killed Gastronok
 11508 | D:9      | Reached skill level 5 in Stealth
 11508 | D:9      | Reached skill level 13 in Spellcasting
 11508 | D:9      | Reached skill level 10 in Fire Magic
 11508 | D:9      | Reached XP level 11. HP: 31/57 MP: 6/30
 11662 | D:9      | Noticed a two-headed ogre
 11671 | D:9      | Killed a two-headed ogre
 11760 | D:10     | Entered Level 10 of the Dungeon
 12087 | D:10     | Offered knowledge of Throw Icicle by Vehumet.
 12105 | D:10     | Learned a level 4 spell: Throw Icicle
 12227 | D:10     | Noticed a deep elf mage
 12231 | D:10     | Killed a deep elf mage
 12318 | D:10     | Gained mutation: You are frail. (-10% HP) [mutagenic meat]
 12319 | D:10     | Gained mutation: Your body sometimes deteriorates upon taking damage. [mutagenic meat]
 12321 | D:10     | Gained mutation: You are dopey. (Int -2) [mutagenic meat]
 12322 | D:10     | Gained mutation: You have large cloven feet. [mutagenic meat]
 12454 | D:11     | Noticed a red ugly thing
 12468 | D:11     | Noticed Harold
 12606 | D:11     | Noticed a white ugly thing
 12621 | D:10     | Killed Harold
 12621 | D:10     | Reached skill level 14 in Spellcasting
 12621 | D:10     | Reached skill level 5 in Hexes
 12744 | D:10     | Reached skill level 1 in Armour
 12884 | D:11     | Reached **** piety under Vehumet
 12912 | D:11     | Noticed a cyan ugly thing
 12918 | D:11     | Killed a cyan ugly thing
 12918 | D:11     | Reached skill level 10 in Conjurations
 12919 | D:11     | Killed a red ugly thing
 12928 | D:11     | Slain by a white ugly thing

Skill      XL: |  1  2  3  4  5  6  7  8  9 10 11 |
---------------+----------------------------------+-----
Fire Magic     | 4 5 6 7 8 10 | 10.8
Stealth        | 3 4 5 |  5.4
Spellcasting   | 4 5 6 7 9 11 13 14 | 14.3
Conjurations   | 2 3 4 6 7 8 10 | 10.0
Dodging        | 3 4 |  4.8
Fighting       | 1 2 |  2.0
Hexes          | 3 4 5 |  5.0
Short Blades   | 1 2 |  2.3
Evocations     | 1 |  1.3
Armour         | 1 |  1.2
Ice Magic      | |  0.9

Action                   |  1- 3 |  4- 6 |  7- 9 | 10-12 || total
-------------------------+-------+-------+-------+-------++-------
Melee: Rapier            |       |     1 |       |       ||     1
       Dagger            |       |     2 |    53 |    38 ||    93
       Headbutt          |       |       |       |     7 ||     7
       Peck              |       |       |       |     2 ||     2
 Cast: Flame Tongue      |    73 |    71 |    94 |   100 ||   338
       Throw Flame       |     2 |    54 |    59 |    14 ||   129
       Sticky Flame      |       |     8 |    24 |    31 ||    63
       Fireball          |       |       |    12 |    54 ||    66
       Confuse           |       |       |    11 |    10 ||    21
       Magic Dart        |       |       |     9 |       ||     9
       Throw Frost       |       |       |       |     8 ||     8
       Throw Icicle      |       |       |       |     3 ||     3
Evoke: Wand              |       |       |       |     8 ||     8
  Use: Scroll            |       |     5 |     8 |     7 ||    20
       Potion            |       |     1 |    10 |     4 ||    15
 Stab: Sleeping          |       |       |     1 |     3 ||     4
       Confused          |       |       |       |     1 ||     1
  Eat: Chunk             |       |    11 |    28 |    22 ||    61
       Royal jelly       |       |     1 |       |     2 ||     3
       Fruit             |       |       |     1 |       ||     1
       Meat ration       |       |       |       |     1 ||     1
Armor: Robe              |     7 |     2 |     6 |     8 ||    23
       Troll leather arm |       |       |       |    12 ||    12
Dodge: Dodged            |    32 |    21 |    60 |    53 ||   166
Block: Other             |       |       |     2 |    16 ||    18
